 Dungeon Crawl Stone Soup version 0.31-a0-963-ga325b2283a (webtiles) character file.

Game seed: 16000427677112653201

6099 lunkers the Martial Artist (level 11, -2/81 HPs)
             Began as a Meteoran Shapeshifter on Oct 23, 2023.
             Was an Elder of Nemelex Xobeh.
             Slain by a troll (4 damage)
             ... on level 10 of the Dungeon on Oct 24, 2023.
             The game lasted 00:16:44 (4273 turns).

lunkers the Martial Artist (Meteoran Shapeshifter)  Turns: 4273, Time: 00:16:44

Health: -2/81      AC: 11    Str: 17    XL:     11   Next: 33%
Magic:  18/18      EV: 10    Int: 12    God:    Nemelex Xobeh [****..]
Gold:   427        SH:  0    Dex: 17    Spells: 10/10 levels left

rFire   . .          .
                       - Unarmed
rCold   . . .        (no shield)
rNeg    + . .        e - +1 pearl dragon scales
rPois   .            (helmet currently unavailable)
rElec   .            (cloak currently unavailable)
rCorr   .            (gloves currently unavailable)
SInv    .            (boots currently unavailable)
Will    +....        j - amulet of regeneration Stlth
                     (no ring)
HPRegen 1.13/turn    (no ring)
MPRegen 0.16/turn

%: no passive effects
@: beast-form, glowing
A: beast (slay +4), sense surroundings 2, otherworldly, glowing, explore regen
a: Begin Untransformation, Renounce Religion, Draw Escape, Draw Destruction,
Draw Summoning, Triple Draw, Deal Four


You were on level 10 of the Dungeon.
You worshipped Nemelex Xobeh.
Nemelex Xobeh was greatly pleased with you.
You were a hulking beast.
You visited 1 branch of the dungeon, and saw 10 of its levels.

You collected 427 gold pieces.

Inventory:

Armour
 a - a +0 pair of gloves
 e - +1 pearl dragon scales (worn)
 f - a +0 cloak
Jewellery
 j - an amulet of regeneration (around neck)
 p - a ring of ice
Talismans
 c - a beast talisman
 d - a flux talisman
Wands
 i - a wand of quicksilver (4)
Scrolls
 b - 2 scrolls of fear
 g - a scroll of teleportation
 h - a scroll of fog
 k - a scroll of revelation
 o - a scroll of immolation
Potions
 l - 4 potions of might
 m - a potion of mutation {unknown}
 n - a potion of curing
 q - a potion of resistance {unknown}
 r - a potion of degeneration {unknown}
 s - 2 potions of brilliance
 v - 2 potions of invisibility {unknown}


   Skills:
 + Level 2.7 Fighting
 + Level 3.4 Dodging
 + Level 1.7 Stealth
 * Level 13.9 Unarmed Combat
 + Level 8.6 Invocations
 + Level 9.6 Shapeshifting


You had 10 spell levels left.
You didn't know any spells.
Your spell library contained the following spells:

 Spells                   Type           Power      Damage    Failure   Level
 Necrotise                Necr           0%         1d4       83%         1
 Sandblast                Erth           0%         2d4       83%         1
 Cigotuvi's Dreadful Rot  Necr/Pois/Air  0%         N/A       93%         2
 Passwall                 Tmut/Erth      0%         N/A       93%         2
 Call Canine Familiar     Summ           0%         N/A       99%         3
 Sigil of Binding         Hex            0%         N/A       99%         3
 Stone Arrow              Conj/Erth      0%         3d7       99%         3
 Vampiric Draining        Necr           0%         2d6       99%         3
 Brom's Barrelling Bould  Conj/Erth      0%         2d3       100%        4
 Dimensional Bullseye     Hex/Tloc       0%         N/A       100%        4
 Dispel Undead            Necr           0%         3d6       100%        4
 Leda's Liquefaction      Hex/Erth       0%         N/A       100%        4
 Agony                    Necr           0%         N/A       100%        5
 Lee's Rapid Deconstruct  Erth           0%         3d4*      100%        5
 Bombard                  Conj/Erth      0%         9d1       100%        6
 Death Channel            Necr           0%         N/A       100%        6


Dungeon Overview and Level Annotations

Branches:
Dungeon (10/15) Zot: 1791  Temple (0/1) D:6
   Lair: D:8-11         Orc: D:9-12

Altars:
Hepliaklqana
Nemelex Xobeh
Sif Muna
Trog
Zin

Shops:
D:8 *


Innate Abilities, Weirdness & Mutations

You are a hulking beast.
Your limbs bulge with bestial killing power. (Slay +4)
You passively map the area around you.
You are easily found by Zot.
You glow in the dark.
You regain HP and MP as you explore.


Message History

* * * LOW HITPOINT WARNING * * *
A troll comes into view.
You pummel the kobold brigand!!
You kill the kobold brigand!
Unknown command.
You hit the kobold.
You kill the kobold!
Unknown command.
The orc hits you with a +0 trident.
* * * LOW HITPOINT WARNING * * *
Items here: (( )) ††.
You closely miss the orc. The orc hits you but does no damage.
Unknown command.
You barely miss the orc.
Unknown command.
You hit the orc but do no damage. The orc barely misses you.
You punch the orc!
You kill the orc!
The troll attacks as it pursues you! The troll bites you!
* * * LOW HITPOINT WARNING * * *
The troll claws you but does no damage. The troll claws you!
* * * LOW HITPOINT WARNING * * *
Things that are here:
a +0 dagger; a +0 robe; an orc corpse You punch the troll!
The troll is heavily wounded.
Unknown command.
You hit the troll.
The troll is heavily wounded.
An orc comes into view. It is wielding a +0 hand axe.
The troll bites you!
* * * LOW HITPOINT WARNING * * *
The troll closely misses you. The troll barely misses you.
You hit the troll but do no damage.
The troll is heavily wounded.
The troll bites you!
* * * LOW HITPOINT WARNING * * *
The troll claws you but does no damage. The troll claws you.
You die...
Your body glows slightly brighter and disappears.

....#.....####
#.........
..###........#
##.###....., , ..#
#.[†.†##.###o## * #.#
.## ##†##....(...# *
, ,, *
######.#####†#[..##
.......#####.##.o.#*
** , ,*
#####........###o#...
, , #####..#####.#
#T#### * , *
.......#####.###h# ,
* * *
##.#.<)##........#
##.......#.#.##### *
,* ,, .............#
,, , , ####.#########
**,, , .....# ** *
###### ,,, , , , , *
, , , *


You could see a troll and 3 orcs.

Vanquished Creatures
  Sonja (D:10)
  The ghost of Sundig the Trooper, a novice MiFi (D:6)
  Maurice (D:9)
  A wyvern (D:8)
  8 yaks
  2 steam dragons
  Menkaure (D:4)
  Edmund (D:4)
  A water moccasin (D:7)
  3 orc warriors
  An ice beast (D:7)
  3 sky beasts
  A black bear (D:5)
  4 centaurs
  2 wolves (D:10)
  3 kobold brigands
  2 bullfrogs
  A scorpion (D:6)
  4 wights (D:4)
  5 killer bees (D:10)
  10 hounds
  3 orc priests
  A jelly (D:6)
  2 sleepcaps
  4 iguanas
  7 orc wizards
  A spectral howler monkey (D:6)
  Robin (D:4)
  11 gnolls
  A howler monkey skeleton (D:6)
  3 adders
  A shadow imp (D:5)
  3 worms
  26 orcs
  10 endoplasms
  A giant cockroach (D:1)
  10 goblins
  3 hobgoblins
  2 quokkas
  2 ball pythons (D:1)
  3 bats
  18 kobolds
  3 rats (D:1)
  2 butterflies (D:6)
174 creatures vanquished.

Notes
Turn   | Place    | Note
-------+----------+-------------------------------------------
     0 | D:1      | lunkers the Meteoran Shapeshifter began the quest for the
                  | Orb.
     0 | D:1      | Reached XP level 1. HP: 16/16 MP: 2/2
   100 | D:1      | Reached XP level 2. HP: 20/23 MP: 3/3
   122 | D:1      | Reached skill level 4 in Unarmed Combat
   214 | D:1      | Reached XP level 3. HP: 27/28 MP: 4/4
   471 | D:2      | Reached XP level 4. HP: 35/35 MP: 5/5
   531 | D:2      | Reached skill level 5 in Unarmed Combat
   532 | D:2      | HP: 1/52 [gnoll/+0 halberd (3)]
   715 | D:3      | Found a bloodstained altar of Trog.
   736 | D:3      | Found a sparkling altar of Nemelex Xobeh.
   741 | D:3      | Became a worshipper of Nemelex Xobeh the Trickster
   841 | D:4      | Noticed a wight
   858 | D:4      | Killed a wight
   859 | D:4      | Reached XP level 5. HP: 23/40 MP: 6/6
   878 | D:4      | Reached skill level 6 in Unarmed Combat
   878 | D:4      | Reached XP level 6. HP: 41/47 MP: 7/7
   895 | D:4      | Reached skill level 5 in Shapeshifting
   900 | D:4      | Reached skill level 7 in Unarmed Combat
   925 | D:4      | Reached XP level 7. HP: 52/52 MP: 8/8
  1124 | D:4      | Noticed Robin
  1136 | D:4      | Killed Robin
  1253 | D:4      | Reached * piety under Nemelex Xobeh
  1300 | D:4      | Noticed Menkaure
  1300 | D:4      | Noticed Edmund
  1305 | D:4      | Upgraded the game from 0.31-a0-960-g0fca184906 to
                  | 0.31-a0-963-ga325b2283a
  1309 | D:4      | Killed Menkaure
  1310 | D:4      | Reached skill level 8 in Unarmed Combat
  1312 | D:4      | Killed Edmund
  1388 | D:4      | Reached XP level 8. HP: 59/59 MP: 9/9
  1561 | D:5      | Entered Level 5 of the Dungeon
  1624 | D:5      | Received a gift from Nemelex Xobeh
  1645 | D:5      | Reached skill level 1 in Invocations
  1682 | D:5      | Found a shimmering blue altar of Sif Muna.
  1762 | D:5      | Reached skill level 9 in Unarmed Combat
  2112 | D:6      | Gained mutation: You passively map the area around you.
                  | [Meteoran growth]
  2112 | D:6      | Reached XP level 9. HP: 54/64 MP: 12/12
  2246 | D:6      | Reached skill level 10 in Unarmed Combat
  2253 | D:6      | Found a runed translucent gate.
  2253 | D:6      | Found a runed translucent gate.
  2253 | D:6      | Found a runed translucent gate.
  2259 | D:6      | Noticed Sundig's ghost (novice MiFi)
  2266 | D:6      | Reached ** piety under Nemelex Xobeh
  2266 | D:6      | Received a gift from Nemelex Xobeh
  2288 | D:6      | Killed Sundig's ghost
  2408 | D:6      | Reached skill level 5 in Invocations
  2446 | D:6      | Reached skill level 11 in Unarmed Combat
  2569 | D:6      | Found a staircase to the Ecumenical Temple.
  2740 | D:7      | Reached XP level 10. HP: 51/71 MP: 15/15
  2848 | D:7      | Received a gift from Nemelex Xobeh
  2921 | D:7      | Reached skill level 12 in Unarmed Combat
  2924 | D:7      | Found a hazy altar of Hepliaklqana.
  2962 | D:8      | Reached *** piety under Nemelex Xobeh
  2970 | D:8      | Found Demman's Assorted Antiques.
  3221 | D:8      | Received a gift from Nemelex Xobeh
  3521 | D:9      | Received a gift from Nemelex Xobeh
  3570 | D:9      | Reached skill level 13 in Unarmed Combat
  3586 | D:9      | Identified the +2 falchion of Chaos {venom, Int+2}
  3728 | D:9      | Reached **** piety under Nemelex Xobeh
  3961 | D:9      | Found a glowing silver altar of Zin.
  4020 | D:9      | Received a gift from Nemelex Xobeh
  4032 | D:10     | Entered Level 10 of the Dungeon
  4101 | D:10     | Noticed Sonja
  4128 | D:10     | Killed Sonja
  4129 | D:10     | Reached skill level 1 in Stealth
  4129 | D:10     | Reached XP level 11. HP: 25/79 MP: 18/18
  4181 | D:9      | Noticed Maurice
  4189 | D:9      | Killed Maurice
  4273 | D:10     | HP: 2/81 [troll (11)]
  4273 | D:10     | Slain by a troll

Illustrated notes

Levels and vault maps discovered:
D:1:      scummos_arrival_gate, layout_rooms, minmay_octomino_j4
D:2:      minmay_recursive_quarters, layout_loops_ring
D:3:      layout_loops_ring, bloody_trog, nemelex_spade_bored_becter,
          gammafunk_ghost_split, dilly_ecumenical_altar_fadedgnrine,
          minivault_24, goddamned_bats, uniq_sigmund
D:4:      layout_loops_ring, patterned_corridor, uniq_edmund, uniq_menkaure,
          uniq_robin
D:5:      layout_rooms, kennysheep_mini_moat
D:6:      layout_basic, minmay_temple_entry_butterflies,
          gammafunk_ghost_necromancy
D:7:      layout_basic, lemuel_doored_altar
D:8:      layout_cave_pods, kennysheep_little_box, serial_shops, shop
D:9:      layout_layer_cave, mainiacjoe_overflow_catwalk,
          okawaru_altar_gauntlet_db, uniq_maurice
D:10:     layout_loops_cross, erik_lair_island, uniq_sonja

Skill      XL: |  1  2  3  4  5  6  7  8  9 10 11 |
---------------+----------------------------------+-----
Unarmed Combat | 4 5 6 7 8 9 11 13 | 13.9
Shapeshifting  | 4 5 6 8 9 |  9.6
Invocations    | 3 6 8 |  8.6
Fighting       | 2 |  2.7
Stealth        | 1 |  1.7
Dodging        | 3 |  3.4

Action                     |  1- 3 |  4- 6 |  7- 9 | 10-12 || total
---------------------------+-------+-------+-------+-------++-------
  Melee: Unarmed           |    65 |    52 |   190 |   199 ||   506
         Punch             |       |     2 |    15 |    16 ||    33
 Invoke: Draw Destruction  |       |       |       |     3 ||     3
    Use: Potion            |       |     1 |       |     1 ||     2
         Scroll            |       |       |       |    13 ||    13
 Armour: Pearl dragon scal |    36 |    36 |   128 |   230 ||   430
         Skin              |       |     2 |       |       ||     2
  Dodge: Dodged            |    33 |    32 |    65 |    93 ||   223

Table legend: (Time is in decaauts)
 A = Elapsed time spent in this place.
 B = Non-inter-level travel time spent in this place.
 C = Inter-level travel time spent in this place.
 D = Time resting spent in this place.
 E = Time spent auto-exploring this place.
 F = Levels seen in this place.
 G = Mean time per level.
                   A        B        C        D        E       F      G
               +--------+--------+--------+--------+--------+-----+--------+
         Total |   4207 |   4020 |    187 |     48 |   2761 |  10 |  420.7 |
       Dungeon |   4207 |   4020 |    187 |     48 |   2761 |  10 |  420.7 |
               +--------+--------+--------+--------+--------+-----+--------+

Top non-repeatable levels by time:
     D:4: 721 daAuts
     D:6: 628 daAuts
     D:9: 578 daAuts
     D:8: 564 daAuts
     D:5: 419 daAuts
     D:1: 362 daAuts
     D:2: 323 daAuts
     D:7: 308 daAuts
    D:10: 163 daAuts
     D:3: 138 daAuts
